 Dungeon Crawl Stone Soup version 0.27-a0-291-gd9602db6ee (webtiles) character file.

Game seed: 525065638779739281

422540 HoaS the Marksgargoyle (level 23, -2/156 HPs)
             Began as a Gargoyle Gladiator on Feb 8, 2021.
             Was the Champion of Okawaru.
             Killed by a malign offering
             ... invoked by a deep elf high priest
              (4 damage)
             ... on level 3 of the Depths on Feb 9, 2021.
             The game lasted 02:17:07 (50132 turns).

HoaS the Marksgargoyle (Gargoyle Gladiator)        Turns: 50132, Time: 02:17:07

Health: -2/156     AC: 55    Str: 39    XL:     23   Next: 74%
Magic:  32/32      EV: 20    Int: 16    God:    Okawaru [******]
Gold:   8962       SH:  5    Dex: 18    Spells: 22/22 levels left

rFire    + + .     SeeInvis +   w - +8 lajatang "Ebyceeg" {drain, rElec rF- Int+6}
rCold    . . .     Faith    .   (shield currently unavailable)
rNeg     + + .     Spirit   .   m - +2 crystal plate armour "Cothinye" {rN+ Regen+ Str+4}
rPois    ∞         Reflect  +   d - +1 helmet of Terror {Will+}
rElec    +         Harm     .   v - +2 cloak {rCorr}
rCorr    +         Rampage  .   R - +1 pair of gloves {Str+3}
Will     ++...     Rnd*Rage +   e - +0 pair of boots "Buebuz" {Slay+2}
Stlth    ..........             C - amulet "Builov" {Reflect rF++ SH+5}
HPRegen  0.76/turn              G - ring of Qorriufo {rElec Str+6}
MPRegen  0.23/turn              n - ring "Muwat" {rF+ Str+4 Dex+2 SInv Stlth+}

@: about to teleport
A: big wings, berserk 1, negative energy resistance 1, electricity resistance,
unbreathing, petrification resistance, miasma immunity, AC +17
}: 2/15 runes: decaying, serpentine
a: Fly, Renounce Religion, Heroism, Finesse


You were on level 3 of the Depths.
You worshipped Okawaru.
Okawaru was exalted by your worship.
You visited 9 branches of the dungeon, and saw 41 of its levels.
You visited the Abyss 2 times.
You also visited: Bailey, Ice Cave and Volcano.

You collected 10312 gold pieces.
You spent 1350 gold pieces at shops.

Inventory:

Hand Weapons
 q - the +10 longbow of the Desert {freeze, Str+2}
   (You found it on level 1 of the Vaults)

   It causes projectiles fired from it to freeze those they strike, causing
   extra injury to most foes and up to half again as much damage against
   particularly susceptible opponents.
   They can also slow down cold-blooded creatures.
   It affects your strength (+2).
 w - the +8 lajatang "Ebyceeg" (weapon) {drain, rElec rF- Int+6}
   (Okawaru gifted it to you on level 5 of the Lair of Beasts)

   A truly terrible weapon, it drains the life of those it strikes.
   It affects your intelligence (+6).
   It makes you vulnerable to fire.
   It insulates you from electricity.
Missiles
 g - 1390 arrows
Armour
 d - the +1 helmet of Terror (worn) {Will+}
   (You acquired it on level 1 of the Depths)

   It affects your willpower, your defense against some magical effects.
 e - the +0 pair of boots "Buebuz" (worn) {Slay+2}
   (Okawaru gifted it to you on level 1 of the Depths)

   It affects your accuracy and damage with ranged weapons and melee attacks
   (+2).
 f - a +2 pair of boots of running
 m - the +2 crystal plate armour "Cothinye" (worn) {rN+ Regen+ Str+4}
   (Okawaru gifted it to you on level 3 of the Swamp)

   It affects your strength (+4).
   It protects you from negative energy.
   It increases your rate of regeneration.
 v - a +2 cloak of preservation (worn)
 R - a +1 pair of gloves of strength (worn)
Jewellery
 n - the ring "Muwat" (right hand) {rF+ Str+4 Dex+2 SInv Stlth+}
   (You took it off a wight on level 7 of the Dungeon)

   [ring of see invisible]

   It affects your strength (+4).
   It affects your dexterity (+2).
   It protects you from fire.
   It lets you see invisible.
   It makes you more stealthy.
 o - an uncursed ring of willpower
 x - an uncursed ring of willpower
 y - an uncursed ring of see invisible
 A - the ring of Zucuis {+Inv rC++ rCorr Stlth+}
   (You found it on level 7 of the Dungeon)

   [ring of resist corrosion]

   It greatly protects you from cold.
   It lets you turn invisible.
   It provides partial protection from all sources of acid and corrosion.
   It makes you more stealthy.
 C - the amulet "Builov" (around neck) {Reflect rF++ SH+5}
   (You took it off a wight on level 7 of the Dungeon)

   [amulet of reflection]

   It shields you and reflects attacks.
   It greatly protects you from fire.
   It affects your SH (+5).
 E - an uncursed ring of positive energy
 G - the ring of Qorriufo (left hand) {rElec Str+6}
   (You found it on level 7 of the Dungeon)

   [ring of strength]

   It affects your strength (+6).
   It insulates you from electricity.
 T - the amulet of Qazlal's Delight {rPois rC++ Regen+ MP+9 Dex-2}
   (You found it on level 6 of the Lair of Beasts)

   [amulet of regeneration]

   It affects your dexterity (-2).
   It greatly protects you from cold.
   It protects you from poison.
   It affects your magic capacity (+9).
   It increases your rate of regeneration.
Wands
 F - a wand of acid (23)
 K - a wand of digging (27)
Scrolls
 a - 3 scrolls of holy word
 h - 25 scrolls of remove curse
 k - 2 scrolls of enchant weapon
 r - a scroll of fear
 t - 14 scrolls of teleportation
 u - 7 scrolls of fog
 D - 10 scrolls of blinking
 N - 5 scrolls of summoning
 O - 12 scrolls of identify
 Q - a scroll of magic mapping
 S - a scroll of brand weapon
Potions
 b - 5 potions of heal wounds
 c - a potion of berserk rage
 i - 14 potions of curing
 j - 4 potions of cancellation
 l - 8 potions of mutation
 p - 9 potions of lignification
 s - 8 potions of attraction
 z - 3 potions of resistance
 B - 3 potions of invisibility
 I - 3 potions of haste
 J - a potion of ambrosia
 L - 6 potions of might


   Skills:
 - Level 20.0 Fighting
 - Level 14.0 Staves
 - Level 20.0 Bows
 - Level 1.7 Throwing
 + Level 17.5 Armour
 + Level 17.7 Dodging
 - Level 12.0 Invocations


You had 22 spell levels left.
You didn't know any spells.
Your spell library contained the following spells:

 Spells                   Type           Power        Failure   Level
 Animate Skeleton         Necr           0%           88%         1
 Apportation              Tloc           0%           88%         1
 Corona                   Hex            0%           88%         1
 Foxfire                  Conj/Fire      0%           88%         1
 Magic Dart               Conj           0%           88%         1
 Pain                     Necr           0%           88%         1
 Sting                    Tmut/Pois      0%           88%         1
 Summon Small Mammal      Summ           0%           88%         1
 Blink                    Tloc           N/A          95%         2
 Call Imp                 Summ           0%           95%         2
 Poisonous Vapours        Pois/Air       0%           95%         2
 Searing Ray              Conj           0%           95%         2
 Slow                     Hex            0%           95%         2
 Call Canine Familiar     Summ           0%           99%         3
 Confusing Touch          Hex            0%           99%         3
 Conjure Flame            Conj/Fire      0%           99%         3
 Dazzling Flash           Conj/Hex       0%           99%         3
 Gell's Gravitas          Tloc           0%           99%         3
 Ignite Poison            Fire/Tmut/Pois 0%           99%         3
 Inner Flame              Hex/Fire       0%           99%         3
 Lesser Beckoning         Tloc           0%           99%         3
 Mephitic Cloud           Conj/Pois/Air  0%           99%         3
 Portal Projectile        Hex/Tloc       0%           99%         3
 Stone Arrow              Conj/Erth      0%           99%         3
 Summon Guardian Golem    Hex/Summ       0%           99%         3
 Teleport Other           Tloc           0%           99%         3
 Vampiric Draining        Necr           0%           99%         3
 Animate Armour           Summ/Erth      0%           100%        4
 Animate Dead             Necr           0%           100%        4
 Cause Fear               Hex            0%           100%        4
 Fulminant Prism          Conj/Hex       0%           100%        4
 Iskenderun's Mystic Bla  Conj/Tloc      0%           100%        4
 Leda's Liquefaction      Hex/Erth       0%           100%        4
 Olgreb's Toxic Radiance  Pois           0%           100%        4
 Passage of Golubria      Tloc           N/A          100%        4
 Petrify                  Tmut/Erth      0%           100%        4
 Summon Ice Beast         Ice/Summ       0%           100%        4
 Summon Lightning Spire   Summ/Air       0%           100%        4
 Agony                    Necr           0%           100%        5
 Alistair's Intoxication  Tmut/Pois      0%           100%        5
 Blade Hands              Tmut           0%           100%        5
 Bolt of Magma            Conj/Fire/Erth 0%           100%        5
 Fireball                 Conj/Fire      0%           100%        5
 Metabolic Englaciation   Hex/Ice        0%           100%        5
 Yara's Violent Unravell  Hex/Tmut       0%           100%        5
 Conjure Ball Lightning   Conj/Air       0%           100%        6
 Eringya's Noxious Bog    Tmut/Pois      0%           100%        6
 Freezing Cloud           Conj/Ice/Air   0%           100%        6
 Starburst                Conj/Fire      0%           100%        6
 Spellforged Servitor     Conj/Summ      0%           100%        7
 Ignition                 Fire           0%           100%        8
 Tornado                  Air            0%           100%        9


Dungeon Overview and Level Annotations

Branches:
Dungeon (15/15)            Temple (1/1) D:4            Lair (6/6) D:9
  Swamp (4/4) Lair:4        Snake (4/4) Lair:2        Slime (0/5) Lair:5
    Orc (2/2) D:11            Elf (2/3) Orc:2        Vaults (4/5) D:13
  Crypt (0/3) Vaults:3     Depths (3/5) D:15         Bailey (visited)
  IceCv (visited)         Volcano (visited)

Altars:
Ashenzari
Cheibriados
Dithmenos
Elyvilon
Fedhas
Gozag
Hepliaklqana
Kikubaaqudgha
Makhleb
Nemelex Xobeh
Okawaru
Qazlal
Ru
Sif Muna
Trog
Uskayaw
Vehumet
Wu Jian
Xom
Yredelemnul
Zin
The Shining One
Beogh

Shops:
D:6 ?[:=   D:10 !!?   Orc:1 =   Orc:2 (*[!   Elf:2 *   Vaults:2 =!

Portals:
Hell: Depths:1 Depths:2 Depths:3
Abyss: Depths:3
Pandemonium: Depths:1 Depths:2
Ziggurat: Depths:3
Trove: Vaults:1 (give 11 potions of heal wounds)

Annotations:
Depths:3 1 transporter


Innate Abilities, Weirdness & Mutations

You are resistant to torment.
Your stone body is resilient. (AC +17)
You are immune to poison.
Your large and strong wings let you fly indefinitely.
You resist negative energy. (rN+)
You are resistant to electric shocks. (rElec)
You can survive without breathing.
You are immune to petrification.
You are immune to miasma.
You tend to lose your temper in combat.


Message History

You barely miss the rakshasa.
The rakshasa is moderately wounded.
You block the rakshasa's attack.
The deep elf annihilator casts a spell.
The deep elf annihilator blinks!
You slash the rakshasa!
The rakshasa is moderately wounded.
The rakshasa hits you but does no damage.
You chop the deep elf high priest into pieces!!!
You kill the deep elf high priest!
The deep elf high priest's corpse shimmers and vanishes!
As you read the scroll of teleportation, it crumbles to dust.
You feel strangely unstable. The rakshasa barely misses you.
The frost giant gestures at you while chanting.
The bolt of cold hits you!!
* * * LOW HITPOINT WARNING * * *
The necromancer completely misses you.
The deep elf high priest utters a dark prayer and points at you.
Your life force is offered up.
You die...

####............##........#..).#
.#.#+#[.........#...<....#####.#
....[†..)......................#
..#######################.....##
#.# $...#.#:#.#.# #.#..8#...)####
#.#($.# ......... .(....#....#..#
#.#..##......##e##.##..⌠#.#..#...
..#8.....###...C).......#.#..'...
..#..#... ###R@.#8...8#.#.###'#
..#..# # ##p####'###...#....
..#♣$.8. ..8#⌠::#.....#....
.©#⌠}... C..©#_:[#©...##....
..#♣$.8.8 .#..8#⌠:.#...##..###
..#e.#### C⌠##'####'###.#...#
..#.e# ## ... 8... #[#####
..#8... ...... #.. [.#..##. .#
#..


You could see a frost giant (empowered), 2 fire giants, a rakshasa, a deep elf
high priest and a necromancer.

Vanquished Creatures
  Mara (Snake:3)
  Nikola (Elf:1)
  A golden dragon (Depths:2)
  the Enchantress (Depths:1)
  2 Ice Fiends (IceCv)
  A lich (Vaults:4)
  The ghost of Odgheh the Warrior, an adept GnFi of the Shining One (Snake:1)
  A tentacled monstrosity (Depths:2)
  A deep elf blademaster (Elf:2)
  A titan (Depths:3)
  Gastronok (Lair:2)
  A tentacled starspawn (Abyss:2)
  A sphinx (Vaults:1)
  A storm dragon (Depths:2)
  3 thorn hunters
  5 tengu reavers
  6 nagarajas (Snake:4)
  2 deep elf sorcerers (Elf:2)
  5 frost giants
  6 vault wardens
  2 fire giants (Depths:2)
  7 fenstrider witches (Swamp:4)
  An orc warlord (Orc:2)
  2 ghouls (Swamp:4)
  Aizul (Vaults:1)
  A balrug (Abyss:2)
  9 very ugly things
  A reaper (Swamp:4)
  4 spriggan defenders
  4 stone giants
  5 ironheart preservers
  2 deep elf demonologists
  7 bunyips
  A deep elf annihilator (Elf:1)
  A spark wasp (Depths:2)
  A blizzard demon (Swamp:4)
  A green death (Depths:1)
  8 eleionomae
  7 yaktaur captains
  8 fire dragons
  A shambling mangrove (Swamp:2)
  The ghost of Pyinaobb the Grappler, a journeyman TrMo (Lair:1)
  9 ettins
  2 deep elf death magi
  5 great orbs of eyes
  3 vault guards
  The ghost of namelastname112 the Fighter, a journeyman DrDe of Dithmenos (D:12)
  A hell beast (Depths:2)
  A monstrous demonspawn (Depths:2)
  4 rakshasas
  7 boulder beetles
  A ghost crab (Swamp:4)
  11 hydras
  12 ogre magi
  7 ice dragons
  A catoblepas (Lair:5)
  8 spriggan air magi
  A death knight (Vaults:4)
  15 naga warriors
  6 alligators
  15 anacondas
  11 centaur warriors
  4 deep troll shamans
  A two-headed ogre (shapeshifter) (D:15)
  17 dancing weapons (Elf:2)
  A queen ant (Lair:3)
  35 two-headed ogres
  4 tengu warriors
  7 deep troll earth magi
  A vampire mage (Depths:2)
  4 orc high priests (Orc:2)
  17 death yaks
  4 spriggan berserkers
  12 naga sharpshooters
  A soul eater (Depths:2)
  3 shock serpents (Snake:2)
  A storm dragon zombie (Vaults:1)
  A wretched star (Abyss:2)
  A hell knight (Depths:2)
  2 sun demons (Abyss:2)
  3 iron trolls (Depths:3)
  A fire crab (shapeshifter) (Vaults:2)
  12 deep elf knights
  4 salamander mystics
  9 skeletal warriors
  6 spriggan druids
  A death drake (Swamp:4)
  2 sixfirhies
  10 deep trolls
  5 sea snakes (Snake:2)
  2 flayed ghosts
  A storm dragon skeleton (Vaults:4)
  11 deep elf archers
  A glowing orange brain (shapeshifter) (Vaults:4)
  An infernal demonspawn (Depths:1)
  14 ironbrand convokers
  6 naga ritualists
  A goliath frog (Swamp:1)
  5 swamp dragons
  A glowing orange brain (Vaults:2)
  4 wizards
  An orange crystal statue (Vaults:4)
  A shadow dragon zombie (Vaults:1)
  A phantasmal warrior (D:12)
  10 harpies
  A lindwurm (Volcano)
  A tengu zombie (Depths:3)
  A tengu skeleton (Vaults:4)
  7 bog bodies
  16 orc knights
  21 deep elf zephyrmancers
  5 necromancers
  7 mana vipers
  4 cyclopes
  25 deep elf pyromancers
  7 orc sorcerers
  3 wolf spiders
  7 will-o-the-wisps
  2 mana vipers (shapeshifter)
  22 ugly things
  4 oklob plants (Lair:6)
  10 salamanders
  2 frost giant zombies (Vaults:4)
  A fire giant skeleton (Depths:3)
  3 spectral shock serpents (Snake:1)
  15 elephants
  A moth of wrath (Swamp:4)
  A stone giant skeleton (Depths:3)
  2 worldbinders (Abyss:2)
  5 vault sentinels
  3 guardian serpents
  2 ice statues (IceCv)
  A molten gargoyle (Volcano)
  A rust devil (Abyss:2)
  40 black mambas
  9 smoke demons
  3 gargoyles
  12 naga magi
  4 orange demons
  A torpor snail (Swamp:4)
  An efreet (D:13)
  6 rime drakes
  4 centaur skeletons
  14 cane toads
  40 yaktaurs
  6 freezing wraiths
  A kobold demonologist (D:15)
  A yaktaur (shapeshifter) (Depths:2)
  11 ice devils (IceCv)
  A demonic crawler (Abyss:2)
  A yaktaur skeleton (Vaults:1)
  5 hellwings
  4 komodo dragons
  A human skeleton (Vaults:4)
  11 polar bears
  4 tengu conjurers
  A sphinx simulacrum (Vaults:4)
  A shadow dragon simulacrum (Vaults:1)
  14 trolls
  4 ancient zymes (Abyss:2)
  3 bloated husks
  A queen bee (shapeshifter) (Depths:1)
  A troll (shapeshifter) (Vaults:2)
  5 red devils
  9 tyrant leeches
  2 raiju (shapeshifter)
  16 hornets
  28 slime creatures
  23 blink frogs
  15 dream sheep
  6 raiju (Abyss:2)
  A spectral black mamba (Snake:1)
  2 shadows
  3 redbacks (Lair:6)
  A fire giant simulacrum (Depths:3)
  2 air elementals (Elf:1)
  A redback (shapeshifter) (Elf:2)
  8 fire bats (Volcano)
  6 starcursed masses (Abyss:2)
  4 wraiths
  2 vampires
  15 spriggans
  A water elemental (Elf:2)
  14 wyverns
  4 basilisks
  2 ynoxinuls (Abyss:2)
  43 yaks
  2 humans (Lair:5)
  6 vampire mosquitoes
  5 chaos spawn
  5 steam dragons
  4 neqoxecs (Swamp:4)
  Edmund (D:5)
  12 wargs
  8 soldier ants
  2 acid dragons
  53 nagas
  21 hell hounds
  3 large abominations (Abyss:2)
  22 swamp worms
  2 soldier ants (shapeshifter)
  7 swamp drakes
  23 water moccasins
  A floating eye (shapeshifter) (Depths:3)
  2 spectral nagas (Snake:1)
  16 black bears
  A guardian serpent simulacrum (Snake:1)
  A hornet zombie (D:15)
  5 ice beasts
  2 sky beasts
  80 orc warriors
  2 eyes of draining
  A sky beast (shapeshifter) (Depths:1)
  5 small abominations (Abyss:2)
  A human zombie (Vaults:4)
  A black mamba simulacrum (Snake:1)
  2 necrophages
  An ogre (shapeshifter) (Vaults:1)
  13 wolves (Lair:6)
  45 ogres
  8 boggarts
  14 centaurs
  6 phantoms
  21 bullfrogs
  2 kobold brigands
  2 glowing shapeshifter simulacra
  An earth elemental (Elf:2)
  A water moccasin zombie (D:7)
  5 scorpions
  12 wights
  2 naga simulacra (Snake:1)
  4 killer bees (D:10)
  An electric eel (Lair:4)
  4 centaur zombies
  4 howler monkeys
  5 lava snakes (Volcano)
  3 bullfrog zombies (D:13)
  A yaktaur simulacrum (Vaults:1)
  4 quasits
  6 crimson imps
  An iron imp (Depths:2)
  4 jellies
  Crazy Yiuf (D:2)
  A human simulacrum (Vaults:4)
  41 orc priests
  7 hounds
  4 bullfrog skeletons
  7 iguanas
  19 orc wizards
  Terence (D:3)
  28 worker ants
  2 hound skeletons
  Robin (D:4)
  7 gnolls
  3 howler monkey skeletons
  9 adders
  2 shadow imps
  8 white imps (IceCv)
  10 ufetubi
  2 oozes
  An adder zombie (D:8)
  3 adder skeletons
  2 worms (D:4)
  A dart slug (D:1)
  7 leopard geckos
  146 orcs
  3 giant cockroaches
  16 goblins
  19 hobgoblins
  12 kobolds
  8 quokkas
  A ball python (D:2)
  6 bats
  3 frilled lizards
  A jackal skeleton (D:7)
  A quokka zombie (D:5)
  11 rats
  A spectral orc (D:3)
1926 creatures vanquished.

Vanquished Creatures (others)
  A catoblepas (Lair:5)
  A spriggan air mage (Swamp:4)
  2 deep elf knights (Elf:2)
  A flayed ghost (Depths:2)
  A deep elf pyromancer (Elf:1)
  A deep elf zephyrmancer (Swamp:4)
  A smoke demon (Abyss:2)
  A bloated husk (Swamp:2)
  A large abomination (Abyss:2)
  An air elemental (Abyss:2)
  A human (Lair:5)
  An orc warrior (Vaults:2)
  An orc wizard (Vaults:2)
  A white imp (IceCv)
  2 ufetubi
  39 foxfires
  57 fungi
  2 lurking horrors (Abyss:2)
  90 plants
  2 starspawn tentacles (Abyss:2)
  6 toadstools (Swamp:2)
213 creatures vanquished.

Grand Total: 2139 creatures vanquished

Notes
Turn   | Place    | Note
-------+----------+-------------------------------------------
     0 | D:1      | HoaS the Gargoyle Gladiator began the quest for the Orb.
     0 | D:1      | Reached XP level 1. HP: 12/12 MP: 1/1
   104 | D:1      | Reached XP level 2. HP: 13/17 MP: 2/2
   392 | D:1      | You fall into a shaft and drop 1 floor!
   401 | D:2      | Reached XP level 3. HP: 21/21 MP: 3/3
   436 | D:2      | Reached XP level 4. HP: 14/26 MP: 4/4
   607 | D:2      | Found a runed translucent door.
   608 | D:2      | Noticed Crazy Yiuf
   913 | D:1      | Reached skill level 5 in Staves
  1227 | D:2      | Killed Crazy Yiuf
  1228 | D:2      | Reached XP level 5. HP: 30/30 MP: 5/5
  1681 | D:3      | Found a basalt altar of Yredelemnul.
  1764 | D:3      | Noticed Terence
  1769 | D:3      | Killed Terence
  1885 | D:3      | Found a sacrificial altar of Ru.
  1951 | D:4      | Found a staircase to the Ecumenical Temple.
  1960 | D:4      | You fall into a shaft and drop 2 floors!
  1971 | D:6      | Noticed a centaur
  1974 | D:6      | Noticed a black bear
  1983 | D:6      | Killed a centaur
  1984 | D:6      | Reached XP level 6. HP: 25/35 MP: 6/6
  1985 | D:6      | Noticed a sky beast
  1996 | D:6      | Killed a black bear
  2010 | D:6      | Killed a sky beast
  2011 | D:6      | Reached XP level 7. HP: 14/40 MP: 7/7
  2037 | D:6      | HP: 2/40 [bullfrog (4)]
  2047 | D:6      | HP: 1/40 [worker ant (2)]
  2357 | D:6      | Found Magearor's Book Shop.
  2372 | D:6      | Found Ochehu's Armour Emporium.
  2552 | D:6      | Found an ancient bone altar of Kikubaaqudgha.
  2573 | D:5      | Entered Level 5 of the Dungeon
  2868 | D:4      | Noticed Robin
  2899 | D:4      | Killed Robin
  3021 | Temple   | Entered the Ecumenical Temple
  3186 | Temple   | Became a worshipper of Warmaster Okawaru
  3304 | D:4      | Reached skill level 1 in Invocations
  3446 | D:4      | Reached XP level 8. HP: 44/44 MP: 8/8
  3637 | D:4      | Found a burning altar of Makhleb.
  3777 | D:5      | Found a sparkling altar of Nemelex Xobeh.
  4050 | D:5      | Found an iron altar of Okawaru.
  4211 | D:5      | Reached * piety under Okawaru
  4212 | D:5      | Reached skill level 10 in Staves
  4604 | D:6      | Found Plog's Magic Scroll Shop.
  4677 | D:6      | Noticed Edmund
  4761 | D:5      | Killed Edmund
  5012 | D:6      | Reached XP level 9. HP: 16/48 MP: 10/10
  5339 | D:6      | Found Quidub's Jewellery Boutique.
  5784 | D:7      | Found a large runed translucent door.
  5784 | D:7      | Found a large runed translucent door.
  5811 | D:7      | Reached ** piety under Okawaru
  5844 | D:7      | Found a large runed translucent door.
  5844 | D:7      | Found a large runed translucent door.
  5886 | D:7      | Got a polished ring mail
  5887 | D:7      | Identified the +2 ring mail "Gobastra" {+Fly rElec Str+7
                  | Slay+3} (You found it on level 7 of the Dungeon)
  6165 | D:7      | Noticed a troll
  6178 | D:7      | Killed a troll
  6194 | D:7      | Identified the ring "Muwat" {rF+ Str+4 Dex+2 SInv Stlth+}
  6304 | D:7      | Reached *** piety under Okawaru
  6484 | D:7      | Got a slimy bone ring
  6487 | D:7      | Got a glittering pewter ring
  6563 | D:7      | Identified the amulet "Builov" {Reflect rF++ SH+5}
  6614 | D:7      | Identified the +8 falchion of Traps {vamp, +Rage Str+3
                  | Stlth+}
  6633 | D:7      | Noticed a troll
  6653 | D:7      | Killed a troll
  6661 | D:7      | Reached XP level 10. HP: 13/53 MP: 9/11
  7116 | D:7      | Identified Jior Fice's Volume of the Escort
  7122 | D:7      | Identified the ring of Zucuis {+Inv rC++ rCorr Stlth+} (You
                  | found it on level 7 of the Dungeon)
  7123 | D:7      | Identified the ring of Qorriufo {rElec Str+6} (You found it
                  | on level 7 of the Dungeon)
  7184 | D:8      | Found a glowing golden altar of the Shining One.
  7184 | D:8      | Found a glowing silver altar of Zin.
  7185 | D:8      | Found an opulent altar of Gozag.
  7869 | D:8      | Found a white marble altar of Elyvilon.
  8153 | D:8      | Reached **** piety under Okawaru
  8382 | D:9      | Reached skill level 1 in Armour
  8455 | D:9      | Found a staircase to the Lair.
  8769 | D:6      | Bought a scroll of acquirement for 520 gold pieces
  8769 | D:6      | Acquired 626 gold pieces
  8913 | D:9      | Identified the Grimoire of Toxic Fire
  9016 | D:9      | Reached skill level 5 in Fighting
  9218 | D:9      | Reached ***** piety under Okawaru
  9472 | D:10     | Entered Level 10 of the Dungeon
  9472 | D:10     | Found Zyirph's Distillery.
  9500 | D:10     | Found Feotuet's Magic Scroll Emporium.
  9603 | D:10     | Noticed a two-headed ogre
  9613 | D:10     | Killed a two-headed ogre
  9614 | D:10     | Reached XP level 11. HP: 63/64 MP: 11/14
  9738 | D:10     | Received a gift from Okawaru
  9741 | D:10     | Got a blackened shortbow {god gift}
  9742 | D:10     | Identified the +11 shortbow of Honour {freeze, *Corrode
                  | rPois rC+ Dex-5 SInv} (Okawaru gifted it to you on level 10
                  | of the Dungeon)
 10102 | D:10     | Found Zabubia's Distillery.
 10104 | D:10     | Noticed a two-headed ogre
 10113 | D:10     | Killed a two-headed ogre
 10114 | D:10     | Reached skill level 5 in Invocations
 10211 | D:10     | Found a glowing golden altar of the Shining One.
 10294 | Lair:1   | Entered Level 1 of the Lair of Beasts
 10557 | Lair:1   | Noticed a seven-headed hydra
 10558 | Lair:1   | Noticed Pyinaobb's ghost (journeyman TrMo)
 10560 | Lair:1   | Found a transporter.
 10572 | Lair:1   | Found a transporter.
 10790 | Lair:2   | Reached skill level 5 in Armour
 10829 | Lair:2   | Noticed Gastronok
 10840 | Lair:2   | Killed Gastronok
 10840 | Lair:2   | Received a gift from Okawaru
 10840 | Lair:2   | Received a gift from Okawaru
 10841 | Lair:2   | Reached skill level 5 in Dodging
 11072 | Lair:2   | Reached XP level 12. HP: 67/75 MP: 16/16
 11469 | Lair:2   | Found a staircase to the Snake Pit.
 12028 | Lair:3   | Reached ****** piety under Okawaru
 12028 | Lair:3   | Received a gift from Okawaru
 12627 | Lair:3   | Noticed a queen ant
 12667 | Lair:3   | Killed a queen ant
 12668 | Lair:3   | Reached skill level 10 in Fighting
 12930 | Lair:4   | Found a staircase to the Swamp.
 13290 | Lair:4   | Noticed a four-headed hydra
 13300 | Lair:4   | Killed a four-headed hydra
 13492 | Lair:4   | Reached XP level 13. HP: 52/84 MP: 19/19
 13629 | Lair:4   | Received a gift from Okawaru
 14465 | Lair:5   | Found a staircase to the Slime Pits.
 14650 | Lair:5   | Found a dark tunnel.
 14660 | Volcano  | Entered a volcano
 14877 | Volcano  | Noticed a fire dragon
 14900 | Volcano  | Found a radiant altar of Vehumet.
 15079 | Volcano  | Killed a fire dragon
 15205 | Lair:5   | Received a gift from Okawaru
 15257 | Lair:5   | Got a transparent scale mail
 15259 | Lair:5   | Identified the +1 scale mail "Qaqe" {Dex+8} (You found it
                  | on level 5 of the Lair of Beasts)
 15396 | Lair:5   | Reached skill level 1 in Bows
 15443 | Lair:5   | Gained mutation: Your large and strong wings let you fly
                  | indefinitely. [Gargoyle growth]
 15443 | Lair:5   | Reached XP level 14. HP: 77/94 MP: 15/20
 15471 | Lair:5   | Received a gift from Okawaru
 15544 | Lair:5   | Got a masterwork lajatang {god gift}
 15545 | Lair:5   | Identified the +8 lajatang "Ebyceeg" {drain, rElec rF-
                  | Int+6} (Okawaru gifted it to you on level 5 of the Lair of
                  | Beasts)
 15881 | Lair:6   | Entered Level 6 of the Lair of Beasts
 16020 | Lair:6   | Received a gift from Okawaru
 16037 | Lair:6   | Reached skill level 10 in Armour
 16709 | Lair:6   | Received a gift from Okawaru
 16955 | Lair:6   | Reached XP level 15. HP: 90/100 MP: 22/22
 17159 | Lair:6   | Reached skill level 10 in Dodging
 17897 | Lair:1   | Killed Pyinaobb's ghost
 18110 | D:11     | Found a flagged portal.
 18131 | Bailey   | Entered a bailey
 18251 | Bailey   | Received a gift from Okawaru
 18351 | Bailey   | Acquired 1033 gold pieces
 18536 | D:11     | Found a shadowy altar of Dithmenos.
 18647 | D:11     | Acquired 461 gold pieces
 19327 | D:11     | Found a staircase to the Orcish Mines.
 19487 | D:6      | Bought a +0 pair of boots for 49 gold pieces
 19896 | D:12     | Found a runed translucent gate.
 19896 | D:12     | Found a runed translucent gate.
 19897 | D:12     | Noticed namelastname112's ghost (journeyman DrDe)
 19897 | D:12     | Found a runed translucent gate.
 20326 | D:12     | Killed namelastname112's ghost
 20454 | Orc:1    | Entered Level 1 of the Orcish Mines
 20572 | Orc:1    | Found Nang's Jewellery Boutique.
 20822 | Orc:2    | Entered Level 2 of the Orcish Mines
 21684 | Orc:2    | Noticed an orc warlord
 22349 | Orc:2    | Killed an orc warlord
 22349 | Orc:2    | Received a gift from Okawaru
 22427 | Orc:2    | Reached XP level 16. HP: 94/106 MP: 23/23
 22602 | Orc:2    | Found a staircase to the Elven Halls.
 22689 | Orc:2    | Found Tymeew's Armour Shop.
 22715 | Orc:2    | Found a roughly hewn altar of Beogh.
 22769 | Orc:2    | Found Jimuom's Distillery.
 22948 | Orc:2    | Found a roughly hewn altar of Beogh.
 23049 | Orc:2    | Found Ohutej's Antique Weapon Emporium.
 23070 | Orc:2    | Found Weiheisch's General Store.
 23086 | Orc:2    | Bought a scroll of teleportation for 33 gold pieces
 23086 | Orc:2    | Bought a scroll of teleportation for 33 gold pieces
 23101 | Orc:2    | Received a gift from Okawaru
 24532 | D:13     | Received a gift from Okawaru
 24564 | D:13     | Found a gate to the Vaults.
 25290 | D:15     | Entered Level 15 of the Dungeon
 25393 | D:15     | Paralysed by a great orb of eyes for 4 turns
 26051 | D:15     | Reached skill level 5 in Bows
 26104 | D:15     | Found a staircase to the Depths.
 26475 | D:15     | Acquired 956 gold pieces
 26722 | Snake:1  | Entered Level 1 of the Snake Pit
 26749 | Snake:1  | Received a gift from Okawaru
 26804 | Snake:1  | Reached XP level 17. HP: 108/111 MP: 22/24
 26992 | Snake:1  | Found the +9 heavy crossbow "Sniper" {vorpal, Acc+∞ SInv}
 27057 | Snake:1  | Found a runed translucent gate.
 27058 | Snake:1  | Found a runed translucent gate.
 27059 | Snake:1  | Found a runed translucent gate.
 27061 | Snake:1  | Noticed Odgheh's ghost (adept GnFi)
 27222 | Snake:1  | Identified the Disquisition on the Shifting Volcanoes
 27311 | Snake:1  | Received a gift from Okawaru
 27696 | Snake:2  | Received a gift from Okawaru
 27725 | Snake:2  | Got an amethyst-encrusted plate armour {god gift}
 27729 | Snake:2  | Identified the +2 plate armour of Optimism {rF+ Regen+
                  | Str-2} (Okawaru gifted it to you on level 2 of the Snake
                  | Pit)
 28429 | Snake:2  | Reached skill level 10 in Bows
 28713 | Snake:3  | Noticed Mara
 28717 | Snake:3  | Noticed HoaS's illusion
 28727 | Snake:3  | Killed Mara
 28811 | Snake:3  | Got an ancient scale mail
 28812 | Snake:3  | Identified the +8 scale mail "Ottos" {rElec rPois rF+
                  | Int+2} (You found it on level 3 of the Snake Pit)
 29316 | Snake:3  | Received a gift from Okawaru
 29901 | Snake:3  | Acquired 1209 gold pieces
 29930 | Snake:4  | Entered Level 4 of the Snake Pit
 29941 | Snake:4  | Received a gift from Okawaru
 30001 | Snake:4  | Received a gift from Okawaru
 30345 | Snake:4  | Reached XP level 18. HP: 116/116 MP: 25/25
 31243 | Snake:4  | Reached skill level 10 in Invocations
 31326 | Snake:4  | Received a gift from Okawaru
 31537 | Snake:4  | Received a gift from Okawaru
 31540 | Snake:4  | Got a translucent quarterstaff {god gift}
 31541 | Snake:4  | Identified the +1 quarterstaff of Okawaru {protect, *Noise
                  | +Inv rC- Dex+10} (Okawaru gifted it to you on level 4 of
                  | the Snake Pit)
 31589 | Snake:4  | Got a serpentine rune of Zot
 31833 | Snake:1  | Killed Odgheh's ghost
 32352 | Lair:6   | Got a glittering bronze amulet
 32467 | Swamp:1  | Entered Level 1 of the Swamp
 32592 | Lair:4   | Reached skill level 15 in Fighting
 32653 | Swamp:1  | Found a frozen archway.
 32664 | IceCv    | Entered an ice cave
 32797 | IceCv    | Identified the amulet of Qazlal's Delight {rPois rC++
                  | Regen+ MP+9 Dex-2} (You found it on level 6 of the Lair of
                  | Beasts)
 32951 | IceCv    | Reached skill level 15 in Bows
 33042 | IceCv    | Noticed an Ice Fiend
 33052 | IceCv    | Received a gift from Okawaru
 33064 | IceCv    | Killed an Ice Fiend
 33072 | IceCv    | Noticed an Ice Fiend
 33090 | IceCv    | Killed an Ice Fiend
 33107 | IceCv    | Found the +7 pair of quick blades "Gyre" and "Gimble"
                  | {protect}
 33185 | IceCv    | Got a steaming scale mail {god gift}
 33194 | IceCv    | Identified the +1 scale mail "Led Sot" {rF- Will+ MP+9}
                  | (Okawaru gifted it to you in an ice cave)
 33619 | Swamp:1  | Reached XP level 19. HP: 109/124 MP: 27/27
 35192 | Swamp:3  | Received a gift from Okawaru
 35195 | Swamp:3  | Got a crude crystal plate armour {god gift}
 35206 | Swamp:3  | Identified the +2 crystal plate armour "Cothinye" {rN+
                  | Regen+ Str+4} (Okawaru gifted it to you on level 3 of the
                  | Swamp)
 35662 | Swamp:4  | Entered Level 4 of the Swamp
 35823 | Swamp:4  | Got a shimmering iron ring
 35873 | Swamp:4  | Identified the cursed ring "Tenynk" {rPois Int+4 Dex-4}
                  | (You found it on level 4 of the Swamp)
 36531 | Swamp:4  | Paralysed by a fenstrider witch for 2 turns
 36733 | Swamp:4  | Received a gift from Okawaru
 36936 | Swamp:4  | Cast into level 2 of the Abyss (a wizard)
 37782 | Abyss:2  | Received a gift from Okawaru
 37796 | Abyss:2  | Reached XP level 20. HP: 135/136 MP: 29/29
 37916 | Abyss:2  | Received a gift from Okawaru
 38074 | Swamp:4  | Escaped the Abyss
 38079 | Swamp:4  | Gained mutation: You tend to lose your temper in combat. [a
                  | neqoxec]
 38136 | Swamp:4  | Paralysed by a fenstrider witch for 3 turns
 38214 | Swamp:4  | Paralysed by a fenstrider witch for 2 turns
 38302 | Swamp:4  | Paralysed by a fenstrider witch for 7 turns
 38489 | Swamp:4  | Got a decaying rune of Zot
 38967 | Elf:1    | Entered Level 1 of the Elven Halls
 39458 | Elf:1    | Noticed Nikola
 39485 | Elf:1    | Killed Nikola
 39696 | Elf:1    | Identified Meedi's Grimoire of Attacks
 39735 | Elf:1    | Acquired 637 gold pieces
 39856 | Elf:2    | Found Uteren's Assorted Antiques.
 39864 | Elf:2    | Bought a scroll of teleportation for 78 gold pieces
 39864 | Elf:2    | Bought a wand of acid (9) for 208 gold pieces
 40099 | Elf:2    | Found a huge runed translucent gate.
 40101 | Elf:2    | Found a huge runed translucent gate.
 40101 | Elf:2    | Found a huge runed translucent gate.
 40102 | Elf:2    | Found a huge runed translucent gate.
 40102 | Elf:2    | Found a huge runed translucent gate.
 40213 | Elf:2    | Received a gift from Okawaru
 40232 | Elf:2    | Cast into level 2 of the Abyss (a deep elf demonologist)
 40232 | Abyss:2  | Found a corrupted altar of Lugonu.
 40233 | Abyss:2  | Upgraded the game from 0.27-a0-287-gd4424db430 to
                  | 0.27-a0-291-gd9602db6ee
 40358 | Elf:2    | Escaped the Abyss
 40652 | Elf:2    | Received a gift from Okawaru
 40686 | Elf:2    | Identified a +1 pair of boots of running (Okawaru gifted it
                  | to you on level 2 of the Elven Halls)
 41422 | Vaults:1 | Entered Level 1 of the Vaults
 41496 | Vaults:1 | Reached XP level 21. HP: 144/144 MP: 30/30
 41966 | Vaults:1 | Got a crude longbow
 41967 | Vaults:1 | Identified the +10 longbow of the Desert {freeze, Str+2}
                  | (You found it on level 1 of the Vaults)
 42277 | Vaults:1 | Paralysed by an ogre mage for 2 turns
 42282 | Vaults:1 | Received a gift from Okawaru
 42322 | Vaults:1 | Noticed Aizul
 42337 | Vaults:1 | Killed Aizul
 42398 | Vaults:1 | Found a portal to a secret trove of treasure.
 42912 | Vaults:2 | Received a gift from Okawaru
 43331 | Vaults:2 | Found Toix Cena's Distillery.
 43346 | Vaults:2 | Bought a potion of heal wounds for 65 gold pieces
 43346 | Vaults:2 | Bought a potion of heal wounds for 65 gold pieces
 43346 | Vaults:2 | Bought a potion of curing for 39 gold pieces
 43346 | Vaults:2 | Bought a potion of mutation for 104 gold pieces
 43346 | Vaults:2 | Bought a potion of mutation for 104 gold pieces
 43346 | Vaults:2 | Bought a potion of might for 52 gold pieces
 44159 | Vaults:2 | Paralysed by an orc sorcerer for 6 turns
 44194 | Vaults:2 | Found Vune's Jewellery Boutique.
 44672 | Vaults:3 | Found a staircase to the Crypt.
 44672 | Vaults:3 | Found a basalt altar of Yredelemnul.
 44672 | Vaults:3 | Found an ancient bone altar of Kikubaaqudgha.
 44706 | Vaults:3 | Paralysed by an ogre mage for 4 turns
 44712 | Vaults:3 | Reached XP level 22. HP: 152/152 MP: 31/31
 44828 | Vaults:3 | You are sucked into a shaft and drop 1 floor!
 44846 | Vaults:4 | Received a gift from Okawaru
 44879 | Vaults:4 | Reached skill level 15 in Dodging
 44904 | Vaults:4 | Received a gift from Okawaru
 44934 | Vaults:4 | Reached skill level 15 in Armour
 46630 | Depths:1 | Entered Level 1 of the Depths
 46744 | Depths:1 | Found a broken altar of Ashenzari.
 46980 | Depths:1 | Acquired the +1 helmet of Terror {Will+}
 47001 | Depths:1 | Found a gateway to Hell.
 47024 | Depths:1 | Identified the Tome of Floating Transmutation
 47333 | Depths:1 | Received a gift from Okawaru
 47336 | Depths:1 | Got a pair of faintly humming boots {god gift}
 47347 | Depths:1 | Identified the +0 pair of boots "Buebuz" {Slay+2} (Okawaru
                  | gifted it to you on level 1 of the Depths)
 47378 | Depths:1 | Noticed the Enchantress
 47430 | Depths:1 | Killed the Enchantress
 47894 | Depths:1 | Found a one-way gate leading to the halls of Pandemonium.
 48000 | Depths:2 | Reached XP level 23. HP: 125/156 MP: 25/32
 48720 | Depths:2 | Found a transporter.
 48739 | Depths:2 | Found a broken altar of Ashenzari.
 48875 | Depths:2 | Found a transporter.
 49090 | Depths:2 | Noticed a golden dragon
 49102 | Depths:2 | Received a gift from Okawaru
 49253 | Depths:2 | Received a gift from Okawaru
 49267 | Depths:2 | Got a fine quarterstaff {god gift}
 49269 | Depths:2 | Identified the +6 quarterstaff "Bygaq" {venom, *Drain rF+
                  | rC+ rN+} (Okawaru gifted it to you on level 2 of the
                  | Depths)
 49371 | Depths:2 | Killed a golden dragon
 49448 | Depths:2 | Got a glittering wooden ring
 49449 | Depths:2 | Identified the ring of False Pretenses {Fire *Contam Will+
                  | SInv} (You found it on level 2 of the Depths)
 49457 | Depths:2 | Got a faintly glowing copper amulet
 49458 | Depths:2 | Identified the amulet "Vikic" {Spirit Str+4} (You found it
                  | on level 2 of the Depths)
 49681 | Depths:3 | Identified the cursed ring of Xuletodgh {rF+ rC- Str-4
                  | Int+5}
 49690 | Depths:3 | Found a radiant altar of Vehumet.
 49694 | Depths:3 | Found a transporter.
 49876 | Depths:3 | Found a one-way gate to the infinite horrors of the Abyss.
 49973 | Depths:3 | Received a gift from Okawaru
 50086 | Depths:3 | Found a gateway to a ziggurat.
 50116 | Depths:3 | Received a gift from Okawaru
 50132 | Depths:3 | HP: 2/156 [frost giant/bolt of cold (21)]
 50132 | Depths:3 | Killed from afar by a deep elf high priest

Illustrated notes

Levels and vault maps discovered:
D:1:      tarquinn_simple_flora_water_c, layout_basic, minivault_4,
          minmay_heptomino_d4
D:2:      layout_rooms, minivault_26, kennysheep_generic_room_4,
          uniq_crazy_yiuf_cottage
D:3:      layout_loops_cross, yredelemnul_forgotten_temple_becter,
          nicolae_ru_the_path_less_chosen, uniq_terence
D:4:      layout_layer_cave, overflow_temple_1_default,
          minmay_temple_entry_statues_pillars, cheibrodos_sewer_entry_bend,
          uniq_robin
D:5:      kennysheep_steamy, layout_rooms, basic_altar,
          nemelex_xobeh_ov_fountains_minmay
D:6:      layout_loops_ring, serial_shops, kennysheep_mini_moat,
          nicolae_shop_stone, shop, shop, basic_altar, uniq_edmund
D:7:      minmay_the_grid_triangle_9x9_recursive_2
          [minmay_the_grid_triangle_9x9_prize_special,
          minmay_the_grid_triangle_9x9_from_above,
          minmay_the_grid_triangle_9x9_flanged_cone,
          minmay_the_grid_triangle_9x9_descending_squares], layout_gridville,
          minmay_hollow_rounded_squares
D:8:      layout_gridville, nicolae_overflow_quartered_altars
D:9:      layout_cave_pods, david_lair_generic, minmay_radiant
D:10:     layout_grid_maze, basic_altar, serial_shops, nicolae_shop_waterfront,
          shop_fountains, shop
D:11:     layout_basic, david_orc_4, enter_bailey_5,
          nicolae_dithmenos_the_darkroom
D:12:     layout_irregular_city, gammafunk_ghost_split, drop_trap
D:13:     layout_basic, david_vaults_5
D:14:     layout_rooms, dk_noncrumbling_4
D:15:     hangedman_depths_entry_civil_slaughter, layout_small_grid,
          minivault_25
Temple:   nicolae_temple_elliptical
Lair:1:   layout_misc_corridors, gammafunk_ghost_arena
Lair:2:   layout_cave_pods, guppyfry_snake_entry_garden, uniq_gastronok
Lair:3:   layout_chaotic_city, zaba_antful_of_joy
Lair:4:   layout_roguey, swamp_mist_pool, serial_bayou_pond_a,
          chequers_serial_rivers_micro_d, serial_bayou_shore_b
Lair:5:   slaughterhouse, layout_misc_corridors, slime_dummy,
          nicolae_volcano_entry_lava_flow
Lair:6:   hangedman_lair_tendril_chambers, layout_cave_pods,
          hangedman_lair_caniforms_friends, minmay_lair_oklob_chamber
Swamp:1:  layout_falls_marsh, portal_ice_cave_entry_ugly_swarm,
          evilmike_swamp_ruin_rubble_2, swamp_pool1, infiniplex_staircase_pool
Swamp:2:  cheibrodos_swamp_tower_of_moss, layout_falls_marsh,
          evilmike_swamp_ruin_rubble_1
Swamp:3:  layout_basic_swamp, nicolae_swamp_little_tower, swamp_pool5
Swamp:4:  nzn_swamp_witches_coven, layout_basic_swamp, swamp_pool1, worms_lemuel
Snake:1:  layout_onion, gammafunk_ghost_necromancy
Snake:2:  layout_basic, grunt_megastairs_2, lemuel_fruit_tree,
          serial_bayou_shore_a
Snake:3:  layout_chambers, uniq_mara
Snake:4:  minmay_snake_end_coiled, layout_basic, corexii_hall_statues_x
Orc:1:    layout_caves, serial_shops, nicolae_shop_waterfront,
          nicolae_orc_lava_room
Orc:2:    pubby_orc_utopia
Elf:1:    minmay_elf_arrival_circle, layout_loops_cross,
          minmay_elf_annihilation, uniq_nikola
Elf:2:    layout_gridlike, fountainhead, minmay_shop_star
Vaults:1: grunt_vaults_hallway_short, vaults_mumra_chevron_long,
          grunt_vaults_diagonal, hangedman_vaults_variations,
          nicolae_vaults_little_squares_2, hangedman_vaults_river_flow,
          ontoclasm_vaults_bender, vaults_mumra_minichess, v_alt_pattern_1,
          vaults_room_fours, layout_vaults_omnibox,
          nicolae_trove_entry_diagonal, uniq_aizul
Vaults:2: ontoclasm_vaults_decontamination, nicolae_vaults_little_squares_1,
          ontoclasm_vaults_eye, nicolae_vaults_ninety_degrees, v_pattern_5,
          nicolae_vaults_three_branches, nicolae_vaults_angled_halls,
          nicolae_vaults_little_squares_3, nicolae_vaults_diagonal_hallway_9,
          layout_vaults_omnigrid, serial_shops, shop, shop
Vaults:3: minmay_crypt_entry_necro_gods, v_misc_33, vaults_room_hallway,
          vaults_standard_mumra_enter_the_diamond, v_misc_14,
          vaults_room_grunt_arrival_ludios, vaults_mumra_bighexcomb,
          hangedman_vaults_maws, v_misc_3, hangedman_vaults_stretched_pinwheel,
          ontoclasm_vaults_chip, nicolae_vaults_little_squares_5,
          layout_vaults_ring
Vaults:4: nicolae_vaults_network_quincunx
          [nicolae_vaults_network_quincunx_subvault,
          nicolae_vaults_network_quincunx_subvault,
          nicolae_vaults_network_quincunx_subvault,
          nicolae_vaults_network_quincunx_subvault,
          nicolae_vaults_network_quincunx_subvault], hangedman_vaults_corner,
          vaults_room_boxed, vaults_standard_mumra_lines, v_pattern_4,
          nicolae_vaults_statue_guard, grunt_vaults_focal,
          vaults_room_fancy_cross, v_misc_32, vaults_room_semicircle,
          nicolae_vaults_circle_grid_b, nicolae_vaults_gold_heap,
          layout_vaults_omnicross
Depths:1: layout_gridlike, hellmouth_3, rand_demon_pan_entry_9,
          nicolae_ashenzari_panopticon, kennysheep_generic_room_16,
          uniq_enchantress
Depths:2: gammafunk_dig_for_victory, layout_basic, old_standard_altar,
          hell_entry, grunt_pan_entry_spiral, infiniplex_staircase_door_maze
Depths:3: gammafunk_sealed_library, layout_honeycomb, enter_ziggurat_c,
          minmay_misc_feat_pillars, hell_entry, rand_demon_pan_entry_4,
          abyss_entry, minmay_misc_feat_tiny

Skill      XL: |  1  2  3  4  5  6  7  8  9 10 11 12 13 14 15 16 17 18 19 20 21 22 23 |
---------------+----------------------------------------------------------------------+-----
Staves         | 4 5 6 7 9 11 13 14 | 14.0
Invocations    | 1 2 4 6 8 9 10 12 | 12.0
Armour         | 3 5 7 9 11 14 16 17 | 17.5
Fighting       | 6 8 11 13 14 15 17 19 20 | 20.0
Dodging        | 3 5 6 7 9 11 14 16 17 | 17.7
Bows           | 1 2 6 12 15 17 19 20 | 20.0
Throwing       | |  1.7

Action                   |  1- 3 |  4- 6 |  7- 9 | 10-12 | 13-15 | 16-18 | 19-21 | 22-24 || total
-------------------------+-------+-------+-------+-------+-------+-------+-------+-------++-------
Melee: Quarterstaff      |    72 |   121 |   359 |   732 |   526 |     9 |    19 |       ||  1838
       Lajatang          |       |       |       |       |   914 |   980 |   768 |   411 ||  3073
 Fire: Shortbow          |       |       |       |    10 |    38 |   785 |   614 |       ||  1447
       Longbow           |       |       |       |       |       |       |   355 |   544 ||   899
Throw: Throwing net      |       |     1 |     2 |     3 |       |       |       |       ||     6
Invok: Heroism           |       |       |     1 |     3 |     8 |     3 |     7 |     5 ||    27
       Finesse           |       |       |       |       |     6 |     2 |     7 |     5 ||    20
 Abil: Fly               |       |       |       |       |       |     1 |     1 |       ||     2
       Stop Flying       |       |       |       |       |       |       |     1 |     1 ||     2
Evoke: Wand              |       |       |       |     5 |       |       |       |     8 ||    13
  Use: Scroll            |     2 |     5 |     9 |    10 |    18 |    12 |    13 |     8 ||    77
       Potion            |       |       |     1 |       |     1 |     4 |     1 |       ||     7
 Stab: Held in net/web   |       |       |     1 |     5 |       |       |       |       ||     6
       Distracted        |       |       |       |     1 |       |       |       |       ||     1
       Sleeping          |       |       |       |     1 |       |       |       |       ||     1
       Petrified         |       |       |       |       |     8 |       |       |       ||     8
Armor: Scale mail        |    40 |    42 |       |       |       |       |       |       ||    82
       Chain mail        |       |    63 |   151 |       |       |       |       |       ||   214
       Ring mail         |       |       |    39 |   225 |     3 |       |       |       ||   267
       Crystal plate arm |       |       |       |       |   851 |   787 |   629 |   339 ||  2606
Dodge: Dodged            |    47 |    57 |   153 |   290 |   666 |   571 |   522 |   356 ||  2662
Block: Other             |       |       |       |    82 |   305 |   172 |   172 |   108 ||   839
       Reflection        |       |       |       |       |     8 |    19 |    18 |     5 ||    50

Table legend: (Time is in decaauts)
 A = Elapsed time spent in this place.
 B = Non-inter-level travel time spent in this place.
 C = Inter-level travel time spent in this place.
 D = Time resting spent in this place.
 E = Time spent auto-exploring this place.
 F = Levels seen in this place.
 G = Mean time per level.
                   A        B        C        D        E       F      G
               +--------+--------+--------+--------+--------+-----+--------+
         Total |  47372 |  43774 |   3598 |   7680 |  26237 |  46 | 1029.8 |
       Dungeon |  15165 |  13603 |   1562 |   2947 |   8185 |  15 | 1011.0 |
        Temple |    178 |    149 |     29 |      0 |    148 |   1 |  178.0 |
          Lair |   7296 |   6499 |    797 |   1055 |   3963 |   6 | 1216.0 |
         Swamp |   4340 |   4209 |    131 |   1159 |   2145 |   4 | 1085.0 |
     Snake Pit |   5091 |   4838 |    253 |    418 |   3266 |   4 | 1272.8 |
  Orcish Mines |   3107 |   2873 |    234 |    926 |   1358 |   2 | 1553.5 |
   Elven Halls |   1959 |   1872 |     87 |     41 |   1375 |   2 |  979.5 |
        Vaults |   4459 |   4113 |    346 |    109 |   2933 |   4 | 1114.8 |
        Depths |   3189 |   3034 |    155 |    375 |   1798 |   3 | 1063.0 |
         Abyss |   1199 |   1199 |      0 |    386 |    580 |   2 |  599.5 |
        Bailey |    385 |    385 |      0 |      0 |    250 |   1 |  385.0 |
      Ice Cave |    556 |    556 |      0 |    194 |     84 |   1 |  556.0 |
       Volcano |    442 |    442 |      0 |     69 |    150 |   1 |  442.0 |
               +--------+--------+--------+--------+--------+-----+--------+

Top non-repeatable levels by time:
   Orc:2: 2600 daAuts
 Swamp:4: 1861 daAuts
  Lair:6: 1815 daAuts
     D:6: 1653 daAuts
 Snake:4: 1554 daAuts
Vaults:2: 1542 daAuts
Depths:2: 1420 daAuts
     D:7: 1417 daAuts
Vaults:4: 1375 daAuts
  Lair:2: 1302 daAuts
 Snake:3: 1288 daAuts
 Snake:1: 1286 daAuts
   Elf:2: 1229 daAuts
    D:15: 1223 daAuts
 Swamp:1: 1223 daAuts
